 Dungeon Crawl Stone Soup version 0.23-a0-481-g60b89c1 (webtiles) character file.

693 galech the Chopper (level 7, 0/54 HPs)
             Began as a Demonspawn Fighter on Nov 29, 2018.
             Killed from afar by an orc wizard (3 damage)
             ... with a puff of flame
             ... on level 6 of the Dungeon.
             The game lasted 00:06:04 (4862 turns).

galech the Chopper (Demonspawn Fighter)             Turns: 4862, Time: 00:06:05

Health: 0/54       AC: 15    Str: 21    XL:     7   Next: 37%
Magic:  7/7        EV: 11    Int: 10    God:
Gold:   323        SH: 10    Dex: 19    Spells: 6/6 levels left

rFire    + . .     SeeInvis .   a - +0 war axe
rCold    . . .     Gourm    .   c - +0 shield
rNeg     . . .     Faith    .   y - +0 chain mail
rPois    .         Spirit   .   o - +0 helmet
rElec    .         Reflect  .   t - +2 cloak {+Inv}
rCorr    .         Harm     .   (no gloves)
MR       .....                  (no boots)
Stlth    ..........             (no amulet)
HPRegen  0.18/turn              (no ring)
MPRegen  0.10/turn              (no ring)

@: mighty, agile
A: yellow scales 1, fire resistance 1, powered by pain 2
a: Evoke Invisibility


You were on level 6 of the Dungeon.
You were not hungry.

You visited 1 branch of the dungeon, and saw 6 of its levels.

You collected 323 gold pieces.

Inventory:

Hand Weapons
 a - a +0 war axe (weapon)
Armour
 c - a +0 shield (worn)
 o - a +0 helmet (worn)
 t - a +2 cloak of invisibility (worn)
 y - a +0 chain mail (worn)
Wands
 g - a wand of polymorph (6)
 p - a wand of flame (37)
Scrolls
 e - a scroll of fog
 h - a scroll of teleportation
 k - a scroll of fear
 l - 2 scrolls of identify
 n - a scroll of remove curse
 u - a scroll of random uselessness {unknown}
 v - a scroll of blinking {unknown}
 w - a scroll of immolation {unknown}
Potions
 i - 3 potions of curing
 j - 2 potions of lignification {unknown}
 q - a potion of agility {unknown}
 r - a potion of haste {unknown}
 s - a potion of magic {unknown}
Comestibles
 f - 7 rations


   Skills:
 + Level 4.0 Fighting
 + Level 5.2 Axes
 + Level 4.1 Armour
 + Level 1.9 Dodging
 + Level 0.5 Stealth
 + Level 3.9 Shields


You had 6 spell levels left.
You didn't know any spells.
Your spell library contained the following spells:

 Spells                   Type           Power        Failure   Level  Hunger
 Beastly Appendage        Tmut           #.....       100%        1    ##.....
 Sticks to Snakes         Tmut           #.......     100%        2    ###....
 Spider Form              Tmut/Pois      #.........   100%        3    ####...
 Ice Form                 Ice/Tmut       #.......     100%        4    #####..
 Blade Hands              Tmut           #.........   100%        5    ######.


Dungeon Overview and Level Annotations

Branches:
Dungeon (6/15)
 Temple: D:4-7

Altars:
Ru
Trog
Vehumet
Xom
Beogh


Innate Abilities, Weirdness & Mutations

You are partially covered in yellow scales. (AC +2)
Your flesh is heat resistant. (rF+)
You sometimes gain power by taking damage.


Message History

You block the orc's attack.
You hit the orc warrior but do no damage.
The orc warrior is severely wounded.
You slash the orc!
You kill the orc!
You closely miss something. x2; You block something's attack.
The orc warrior hits you with a +0 long sword!
Something hits you but does no damage. Something hits you.
Something hits you but does no damage.
You hit the orc warrior but do no damage.
The orc warrior is severely wounded.
You closely miss something. You barely miss something.
The orc warrior barely misses you. Something hits you.
You are electrocuted!
* * * LOW HITPOINT WARNING * * *
You focus on the pain.
You feel very mighty all of a sudden.
You hear some strange, mumbled words.
A puff of flame appears from out of thin air!
The puff of flame hits you! You resist.
You die...

....## .....## ####
......##########...
.................#
##........#.......#
.......## #.......#
........# #......#
........## #....o.#
.........# #..)@{#
.........# #.....#
.........# ##....#
.........# #....#
>........# ##...##
........## #....#
.......S## #....#
......#..# ##...#
...#####.# #...##


You could see an orc warrior.

Vanquished Creatures
  Duvessa (D:4)
  A phantom (D:5)
  A centaur (D:6)
  Dowan (D:4)
  A killer bee (D:4)
  A scorpion (D:4)
  An orc priest (D:4)
  2 orc wizards
  A worker ant (D:6)
  Robin (D:4)
  3 adders
  An ooze (D:4)
  3 worms
  5 dart slugs
  2 leopard geckos
  15 orcs
  4 giant cockroaches
  14 goblins
  11 hobgoblins
  5 jackals (D:1)
  9 kobolds
  4 quokkas
  8 bats
  6 frilled lizards
  6 rats
107 creatures vanquished.

Notes
Turn   | Place    | Note
-------+----------+-------------------------------------------
     0 | D:1      | galech the Demonspawn Fighter began the quest for the Orb.
     0 | D:1      | Reached XP level 1. HP: 18/18 MP: 1/1
    39 | D:1      | Gained mutation: You sometimes gain a little power by
                  | taking damage. [demonic ancestry]
    39 | D:1      | Reached XP level 2. HP: 16/24 MP: 2/2
   285 | D:1      | Reached skill level 2 in Axes
   458 | D:1      | Reached XP level 3. HP: 28/29 MP: 3/3
  1828 | D:3      | Gained mutation: You sometimes gain power by taking damage.
                  | [demonic ancestry]
  1828 | D:3      | Reached XP level 4. HP: 32/35 MP: 4/4
  2205 | D:3      | Found a shimmering altar of Xom.
  2208 | D:3      | Found a radiant altar of Vehumet.
  2222 | D:3      | Found a bloodstained altar of Trog.
  2236 | D:3      | Found a sacrificial altar of Ru.
  2384 | D:3      | Reached skill level 3 in Axes
  2606 | D:4      | Noticed Dowan
  2609 | D:4      | Noticed Duvessa
  2618 | D:4      | Killed Dowan
  2618 | D:4      | Reached XP level 5. HP: 33/41 MP: 5/5
  2620 | D:4      | Killed Duvessa
  2620 | D:4      | Reached skill level 4 in Axes
  2620 | D:4      | Reached skill level 1 in Dodging
  2824 | D:4      | Gained mutation: You are partially covered in yellow
                  | scales. (AC +2) [demonic ancestry]
  2824 | D:4      | Reached XP level 6. HP: 48/48 MP: 6/6
  2838 | D:4      | Noticed Robin
  2858 | D:4      | Killed Robin
  3025 | D:4      | Found a roughly hewn altar of Beogh.
  3824 | D:5      | Entered Level 5 of the Dungeon
  4354 | D:5      | Reached skill level 5 in Axes
  4354 | D:5      | Gained mutation: Your flesh is heat resistant. (rF+)
                  | [demonic ancestry]
  4354 | D:5      | Reached XP level 7. HP: 43/53 MP: 7/7
  4862 | D:6      | Killed from afar by an orc wizard

Vault maps used:
D:1:      dpeg_arrival_tiny_k, st_stairs_9
D:2:      minmay_diamond_boxcup, st_stairs_11
D:3:      grunt_temple_overflow_cloverleaf, first_ration
D:4:      kennysheep_orc_chapel, uniq_duvessa, uniq_robin
D:6:      minmay_temple_entry_statues_fountains, uniq_blork_the_orc, uniq_pikel,
          uniq_eustachio, uniq_edmund

Skill      XL: |  1  2  3  4  5  6  7 |
---------------+----------------------+-----
Armour         | 3 4 |  4.1
Axes           | 2 3 4 5 |  5.2
Shields        | 3 |  3.9
Dodging        | 1 |  1.9
Fighting       | 4 |  4.0
Stealth        | |  0.5

Action                   |  1- 3 |  4- 6 |  7- 9 || total
-------------------------+-------+-------+-------++-------
Melee: War axe           |   152 |   247 |    47 ||   446
  Use: Scroll            |       |     7 |       ||     7
       Potion            |       |     2 |       ||     2
  Eat: Chunk             |     3 |     7 |       ||    10
       Ration            |       |       |     1 ||     1
Armor: Scale mail        |    66 |   142 |    25 ||   233
       Chain mail        |       |       |     5 ||     5
Dodge: Dodged            |    47 |    66 |    22 ||   135
Block: Shield            |    94 |   105 |    33 ||   232

Table legend:
 A = Non-vault XP
 B = Vault XP
 C = Vault XP percentage of total XP
 D = Non-vault monster count
 E = Vault monster count
 F = Vault count percentage of total count
                 A         B        C        D         E       F
            +---------+---------+-------+---------+---------+-------
      Total |     658 |     332 |  33.5 |      73 |      34 |  31.8
            +---------+---------+-------+---------+---------+-------
        D:1 |      37 |       6 |  14.0 |      21 |       3 |  12.5
        D:2 |      28 |      22 |  44.0 |      11 |      11 |  50.0
        D:3 |      58 |       0 |   0.0 |      20 |       0 |   0.0
        D:4 |     206 |     304 |  59.6 |      12 |      20 |  62.5
        D:5 |     124 |       0 |   0.0 |       1 |       0 |   0.0
        D:6 |     205 |       0 |   0.0 |       8 |       0 |   0.0
            +---------+---------+-------+---------+---------+-------
